 Dungeon Crawl Stone Soup version 0.31-a0-188-g5e087ee2ca (webtiles) character file.

Game seed: 2407658729856694166

51 qw the Shooter (level 3, 0/20 HPs)
             Began as a Deep Elf Hunter on June 23, 2023.
             Slain by Sigmund
             ... wielding a +0 scythe
              (12 damage)
             ... on level 2 of the Dungeon.
             The game lasted 00:00:21 (646 turns).

qw the Shooter (Deep Elf Hunter)                     Turns: 646, Time: 00:00:22

Health: 0/20       AC:  3    Str: 10    XL:     3   Next: 57%
Magic:  5/5        EV: 12    Int: 13    God:
Gold:   43         SH:  0    Dex: 18    Spells: 2/2 levels left

rFire   . . .        Y - +0 shortbow
rCold   . . .        (shield currently unavailable)
rNeg    . . .        c - +0 leather armour
rPois   .            (no helmet)
rElec   .            (no cloak)
rCorr   .            (no gloves)
SInv    .            (no boots)
Will    .....        (no amulet)
Stlth   ++           (no ring)
HPRegen 0.23/turn    (no ring)
MPRegen 0.09/turn

%: no passive effects
@: no status effects
A: no striking features
a: no special abilities


You were on level 2 of the Dungeon.
You visited 1 branch of the dungeon, and saw 2 of its levels.

You collected 43 gold pieces.


   Skills:
 - Level 1.5 Fighting
 + Level 7.1 Ranged Weapons
 - Level 2.4 Dodging
 - Level 1.2 Stealth


You had 2 spell levels left.
You didn't know any spells.
Your spell library was empty.

Inventory:

Hand Weapons
 Y - a +0 shortbow (weapon)
Armour
 b - a +1 pair of gloves
 c - a +0 leather armour (worn)
Jewellery
 f - a ring of ice
Scrolls
 a - 2 scrolls of revelation {unknown}
Potions
 d - a potion of mutation {unknown}
 e - 2 potions of degeneration {unknown}

Dungeon Overview and Level Annotations

Branches:
Dungeon (2/15)

Altars:

Shops:
D:1 [

Annotations:
D:2 Sigmund


Message History

The endoplasm quivers.
You shoot an arrow. The arrow hits the endoplasm!
You kill the endoplasm!
You see here a quokka corpse.
Things that are here:
a +0 dagger; a kobold corpse A kobold comes into view.
It is wielding a +0 dagger.
Found an escape hatch in the floor.
You see here a bat corpse.
Enter note:
Enter note: You shoot an arrow.
The arrow hits the kobold!
You kill the kobold!
Sigmund the Dreaded comes into view.
He is wielding a +0 scythe.
Enter note:
Enter note: You shoot an arrow.
The arrow hits Sigmund.
Sigmund shouts!
Sigmund is lightly wounded.
You shoot an arrow. The arrow hits Sigmund.
Sigmund is moderately wounded.
Sigmund casts a spell at you.
You are confused.
Sigmund gestures at you while chanting. The magic dart hits you.
Sigmund casts a spell at you. You resist with some effort.
You feel less confused. Sigmund gestures at you while chanting.
The puff of flame hits you.
You shoot an arrow. The arrow hits Sigmund.
Sigmund is moderately wounded.
Sigmund says, "You will soon forget everything."
Sigmund points at you and mumbles some strange words.
You resist with some effort.
You shoot an arrow. The arrow hits Sigmund!
Sigmund is severely wounded.
Sigmund hits you from afar with a +0 scythe!
Ouch! That really hurt!
You die...

##........ #.........
#......... #.........
#.>.......
##########.........
#...........[......
######.########.@.@.....
............%)%.........
..########....#<........
....# #..####.........
....# #.## #.........
....#####.# ##).......
......).... ........#
........### ...######
###...######. ###


You could see Sigmund.

Vanquished Creatures
  A gnoll (D:1)
  A dart slug (D:1)
  2 ball pythons (D:1)
  3 endoplasms
  4 goblins
  4 hobgoblins
  2 jackals (D:1)
  3 kobolds
  5 quokkas
  3 bats
  3 frilled lizards (D:1)
  2 rats
33 creatures vanquished.

Notes
Turn   | Place    | Note
-------+----------+-------------------------------------------
     0 | D:1      | qw the Deep Elf Hunter began the quest for the Orb.
     0 | D:1      | Reached XP level 1. HP: 12/12 MP: 3/3
     0 | D:1      | 0 ||| qw: Version: 0.3-a-9-g12657ce
     0 | D:1      | 0 ||| qw: Game counter: 3147
     0 | D:1      | 0 ||| qw: Always use a shield: true
     0 | D:1      | 0 ||| qw: God list: Okawaru
     0 | D:1      | 0 ||| qw: Allow faded altars: false
     0 | D:1      | 0 ||| qw: Do Orc after D:15 true
     0 | D:1      | 0 ||| qw: Do second Lair branch before Depths: true
     0 | D:1      | 0 ||| qw: Lair rune preference: random
     0 | D:1      | 0 ||| qw: Plans: Normal
     0 | D:1      | 0 ||| PLANNING D:1-11
    77 | D:1      | Reached XP level 2. HP: 16/16 MP: 4/4
    90 | D:1      | Reached skill level 6 in Ranged Weapons
   275 | D:1      | Found Paar's Antique Armour Boutique.
   283 | D:1      | 283 ||| SHOPLISTING faintly humming ring mail (261 gold,
                  | have 31).
   283 | D:1      | 283 ||| SHOPLISTING glowing leather armour (145 gold, have
                  | 31).
   283 | D:1      | 283 ||| SHOPLISTING glowing scale mail (203 gold, have 31).
   283 | D:1      | 283 ||| SHOPLISTING pair of embroidered gloves (217 gold,
                  | have 31).
   283 | D:1      | 283 ||| SHOPLISTING ring mail (116 gold, have 31).
   312 | D:1      | Reached XP level 3. HP: 20/20 MP: 5/5
   558 | D:1      | 558 ||| READING scroll labelled BELOAM MEYPE.
   559 | D:1      | 559 ||| DRINKING 2 blue potions.
   560 | D:1      | 560 ||| DROPPING scroll of butterflies.
   561 | D:1      | 561 ||| DROPPING potion of brilliance.
   580 | D:2      | Reached skill level 7 in Ranged Weapons
   635 | D:2      | Noticed Sigmund
   646 | D:2      | Slain by Sigmund

Levels and vault maps discovered:
D:1:      amcnicky_arrival_choice, layout_loops_ring, serial_shops, shop
D:2:      layout_rooms, serial_shops, shop, uniq_sigmund, uniq_natasha

Skill      XL: |  1  2  3 |
---------------+----------+-----
Ranged Weapons | 6 7 |  7.1
Fighting       | |  1.5
Dodging        | |  2.4
Stealth        | |  1.2

Action                     || total
---------------------------++-------
   Fire: Shortbow          ||    84
    Use: Scroll            ||     1
         Potion            ||     1
 Armour: Leather armour    ||     2
  Dodge: Dodged            ||     5

Table legend:
 A = Non-vault XP
 B = Vault XP
 C = Vault XP percentage of total XP
 D = Non-vault monster count
 E = Vault monster count
 F = Vault count percentage of total count
                 A         B        C        D         E       F
            +---------+---------+-------+---------+---------+-------
      Total |      73 |       0 |   0.0 |      33 |       0 |   0.0
            +---------+---------+-------+---------+---------+-------
        D:1 |      58 |       0 |   0.0 |      24 |       0 |   0.0
        D:2 |      15 |       0 |   0.0 |       9 |       0 |   0.0
            +---------+---------+-------+---------+---------+-------
